 Dungeon Crawl Stone Soup version 0.20.0-15-g7f486f2 (webtiles) character file.

456 Loootie the Cudgeler (level 6, -15/56 HPs)
             Began as a Minotaur Berserker on June 13, 2017.
             Was a Believer of Trog.
             Demolished by an orc warrior
             ... wielding a +0 halberd
              (21 damage)
             ... on level 4 of the Dungeon.
             The game lasted 00:30:05 (2585 turns).

Loootie the Cudgeler (Minotaur Berserker)           Turns: 2585, Time: 00:30:05

Health: -15/56     AC: 13    Str: 23      XL:     6   Next: 77%
Magic:  5/5        EV:  7    Int:  4      God:    Trog [**....]
Gold:   121        SH:  0    Dex:  9 (10) Spells: 5/5 levels left

rFire    . . .     SeeInvis .   A - +0 long sword
rCold    . . .     Gourm    .   (no shield)
rNeg     . . .     Faith    .   d - +0 plate armour
rPois    .         Spirit   .   (helmet restricted)
rElec    .         Reflect  .   (no cloak)
rCorr    .         Harm     .   m - +0 pair of gloves
MR       .....                  (no boots)
Stlth    ..........             (no amulet)
Regen    0.2/turn               (no ring)
MPRegen  0.1/turn               (no ring)

@: no status effects
A: retaliatory headbutt, horns 2
a: Berserk, Trog's Hand, Burn Spellbooks, Renounce Religion


You were on level 4 of the Dungeon.
You worshipped Trog.
Trog was pleased with you.
You were not hungry.

You visited 1 branch of the dungeon, and saw 4 of its levels.

You collected 170 gold pieces.
You spent 49 gold pieces at shops.

Inventory:

Hand Weapons
 a - a +0 mace
 j - a cursed -2 scythe
 t - a +0 hunting sling
 u - a +0 whip
 w - a +0 flail
 A - a +0 long sword (weapon)
 C - a +0 falchion
Armour
 b - a +0 animal skin
 d - a +0 plate armour (worn)
 g - a +0 chain mail
 l - a +0 chain mail
 m - a +0 pair of gloves (worn)
 p - a +0 buckler
 q - a +2 robe
 s - a +0 scale mail
 y - a +0 pair of gloves
Jewellery
 f - an uncursed amulet of guardian spirit {unknown}
 r - an uncursed ring of poison resistance {unknown}
 B - a cursed ring of teleportation {unknown}
Scrolls
 h - 3 scrolls of immolation {unknown}
 n - 2 scrolls of teleportation {unknown}
 v - a scroll of remove curse
 D - a scroll of fog {unknown}
Potions
 e - a potion of flight {unknown}
 i - 3 potions of agility {unknown}
 k - 3 potions of curing {unknown}
 o - a potion of degeneration {unknown}
 x - 2 potions of haste {unknown}
 z - a potion of brilliance {unknown}
Comestibles
 c - 5 bread rations


   Skills:
 + Level 5.5 Fighting
 + Level 6.7 Maces & Flails
 + Level 4.4 Armour
 + Level 3.2 Dodging


You had 5 spell levels left.
You didn't know any spells.

Dungeon Overview and Level Annotations

Branches:
Dungeon (4/15)
 Temple: D:4-7

Altars:
Cheibriados
Kikubaaqudgha
Qazlal
Sif Muna

Shops:
D:4 [(


Innate Abilities, Weirdness & Mutations

You reflexively headbutt those who attack you in melee.
You have a pair of horns on your head.


Message History

The orc warrior barely misses you.
You riposte.
You closely miss the orc warrior. The orc warrior closely misses you.
You furiously retaliate!
You headbutt the orc warrior. You closely miss the orc warrior.
The orc warrior is lightly wounded.
The orc warrior hits you with a halberd.
You hit the orc warrior but do no damage.
Your headbutt misses the orc warrior.
The orc warrior is lightly wounded.
The orc warrior barely misses you. The orc warrior closely misses you.
You closely miss the orc warrior. Your headbutt misses the orc warrior.
The orc warrior is lightly wounded.
The orc warrior hits you with a halberd!!
The orc warrior hits you with a halberd!
You barely miss the orc warrior.
The orc warrior is lightly wounded.
The orc warrior hits you with a halberd!!
* * * LOW HITPOINT WARNING * * *
The orc warrior hits you with a halberd!!
You die...

#.........#
###.........##....#
..'.........##....##
###.........##[....#
<.#.........# .....#
#.#.........# #....#
..#.........# #....#
###.........###....###
....#....###....@....#
###.#....# #...o.....#
..# #.#### #..!......#
#.# #. #.........# ..
#. #.........# ## #.
#.........# .
#.........# ## #.#
#.........# #.#


You could see an orc warrior (berserk).

Vanquished Creatures
  Sigmund (D:2)
  Eustachio (D:4)
  An orc priest (D:3)
  Jessica (D:2)
  3 adders
  4 worms
  A dart slug (D:4)
  5 leopard geckos
  9 orcs
  3 giant cockroaches
  A goblin (D:1)
  4 hobgoblins
  A kobold (D:1)
  A quokka (D:2)
  5 bats
  5 frilled lizards
  9 rats
55 creatures vanquished.

Notes
Turn   | Place    | Note
-------+----------+-------------------------------------------
     0 | D:1      | Loootie the Minotaur Berserker began the quest for the Orb.
     0 | D:1      | Reached XP level 1. HP: 19/19 MP: 0/0
    85 | D:1      | Reached skill level 4 in Maces & Flails
   120 | D:1      | Reached XP level 2. HP: 27/27 MP: 1/1
   465 | D:2      | Noticed Jessica
   473 | D:2      | Killed Jessica
   473 | D:2      | Reached XP level 3. HP: 29/33 MP: 2/2
   622 | D:2      | Noticed Sigmund
   649 | D:2      | HP: 1/34 [something (6)]
   651 | D:2      | Killed Sigmund
   651 | D:2      | Reached skill level 5 in Fighting
   651 | D:2      | Reached skill level 5 in Maces & Flails
   651 | D:2      | Reached XP level 4. HP: 2/42 MP: 3/3
   651 | D:2      | Reached XP level 5. HP: 2/48 MP: 4/4
   713 | D:2      | Reached ** piety under Trog
  1265 | D:3      | HP: 2/48 [orc priest/nerve-wracking pain (3)]
  1266 | D:3      | Reached skill level 6 in Maces & Flails
  1266 | D:3      | Reached XP level 6. HP: 2/56 MP: 5/5
  1795 | D:3      | Found a stormy altar of Qazlal.
  1805 | D:3      | Found a deep blue altar of Sif Muna.
  1819 | D:3      | Found an ancient bone altar of Kikubaaqudgha.
  2116 | D:4      | Found a snail-covered altar of Cheibriados.
  2121 | D:4      | Noticed Eustachio
  2199 | D:4      | Killed Eustachio
  2225 | D:4      | Found Mur Vusch's Weapon Emporium.
  2233 | D:4      | Bought a +0 long sword for 49 gold pieces
  2502 | D:4      | Found Osyfriga's Antique Armour Shoppe.
  2575 | D:4      | Noticed an orc warrior
  2585 | D:4      | Demolished by an orc warrior

Skill      XL: |  1  2  3  4  5  6 |
---------------+-------------------+-----
Maces & Flails | 4 5 6 |  6.7
Fighting       | 4 5 |  5.5
Armour         | 3 4 |  4.4
Dodging        | 3 |  3.2

Action                   |  1- 3 |  4- 6 || total
-------------------------+-------+-------++-------
Melee: Mace              |    47 |   148 ||   195
       Headbutt          |     5 |    26 ||    31
       Long sword        |       |    12 ||    12
  Use: Potion            |     1 |     1 ||     2
       Scroll            |       |     9 ||     9
 Stab: Sleeping          |     1 |       ||     1
  Eat: Meat ration       |       |     1 ||     1
       Bread ration      |       |     1 ||     1
Armor: Plate armour      |    29 |   151 ||   180
       Animal skin       |     2 |       ||     2
Dodge: Dodged            |    24 |    86 ||   110
       Rpst.: Long sword |       |     1 ||     1
